 Dungeon Crawl Stone Soup version 0.19.5 (webtiles) character file.

2322 Dadi the Thaumaturge (level 9, -2/45 HPs)
             Began as a Deep Elf Fire Elementalist on May 18, 2017.
             Was an Initiate of Vehumet.
             Slain by a water moccasin (8 damage)
             ... on level 7 of the Dungeon.
             The game lasted 00:17:10 (9269 turns).

Dadi the Thaumaturge (Deep Elf Fire Elementalist)   Turns: 9269, Time: 00:17:11

Health: -2/45      AC:  3    Str:  5    XL:     9   Next: 19%
Magic:  18/24      EV: 13    Int: 24    God:    Vehumet [......]
Gold:   325        SH:  0    Dex: 15    Spells: 4 memorised, 16 levels left

rFire  . . .     SeeInvis +     t - +0 rapier (venom)
rCold  . . .     Gourm    .     a - +1 robe
rNeg   . . .     Faith    .     (no shield)
rPois  .         Spirit   .     (no helmet)
rElec  .         Reflect  .     (no cloak)
rCorr  .         Harm     .     (no gloves)
MR     .....                    (no boots)
Stlth  ++........               (no amulet)
                                D - ring of see invisible
                                y - ring of wizardry

@: no status effects
A: no striking features
a: Renounce Religion


You were on level 7 of the Dungeon.
You worshipped Vehumet.
Vehumet was noncommittal.
You were hungry.

You visited 2 branches of the dungeon, and saw 9 of its levels.
You also visited: Ossuary.

You collected 325 gold pieces.

Inventory:

Hand Weapons
 t - a +0 rapier of venom (weapon)
Armour
 a - a +1 robe (worn)
Jewellery
 y - a ring of wizardry (left hand)
 D - a ring of see invisible (right hand)
 I - a +2 ring of dexterity {unknown}
Wands
 A - a wand of disintegration (12/24)
 B - a wand of acid (10/15)
 C - a wand of lightning (8/15)
 F - a wand of enslavement (11/24)
Scrolls
 e - 3 scrolls of remove curse
 g - a scroll of blinking
 h - 3 scrolls of teleportation
 i - 11 scrolls of identify
 n - a scroll of immolation {unknown}
 p - a scroll of fear {unknown}
 v - 2 scrolls of enchant weapon {unknown}
 w - a scroll of recharging {unknown}
 G - a scroll of random uselessness {unknown}
 H - a scroll of fog
Potions
 d - a potion of invisibility {unknown}
 j - 4 potions of heal wounds {unknown}
 k - a potion of degeneration {unknown}
 l - 4 potions of brilliance {unknown}
 m - 5 potions of might {unknown}
 q - a potion of haste
 r - a potion of agility {unknown}
 u - 2 potions of mutation {unknown}
 x - a potion of curing
 z - a potion of cancellation {unknown}
 E - a potion of flight {unknown}
Books
 b - a book of Flames

   Spells                             Type                      Level
   a - Flame Tongue                   Conjuration/Fire             1
   b - Throw Flame                    Conjuration/Fire             2
   c - Conjure Flame                  Conjuration/Fire             3
   d - Inner Flame                    Hexes/Fire                   3
   e - Sticky Flame                   Conjuration/Fire             4
   f - Fireball                       Conjuration/Fire             5
Comestibles
 c - 8 bread rations
 f - 2 meat rations
 o - 11 fruits


   Skills:
 - Level 2.4 Dodging
 - Level 2.4 Stealth
 + Level 9.7 Spellcasting
 + Level 7.8 Conjurations
 + Level 8.5 Fire Magic


You had 16 spell levels left.
You knew the following spells:

 Your Spells              Type           Power        Failure   Level  Hunger
a - Flame Tongue          Conj/Fire      #####        1%          1    None
b - Throw Flame           Conj/Fire      ######       1%          2    None
c - Conjure Flame         Conj/Fire      ######..     1%          3    None
d - Fireball              Conj/Fire      ######....   2%          5    ####...


Dungeon Overview and Level Annotations

Branches:
Dungeon (8/15)             Temple (1/1) D:5
   Lair: D:8-11

Altars:
Ashenzari
Cheibriados
Dithmenos
Elyvilon
Fedhas
Gozag
Hepliaklqana
Kikubaaqudgha
Makhleb
Okawaru
Qazlal
Ru
Sif Muna
Trog
Uskayaw
Vehumet
Yredelemnul
Zin
The Shining One

Annotations:
D:8 Psyche


Message History

You feel sick.
You feel sick. The water moccasin misses you.
You feel sick.
You feel sick.
The water moccasin completely misses you.
You feel sick. The water moccasin misses you.
You feel better. The water moccasin barely misses you.
The water moccasin bites you. The water moccasin bites you!
* * * LOW HITPOINT WARNING * * *
The water moccasin closely misses you. The water moccasin bites you.
* * * LOW HITPOINT WARNING * * *
There is a stone staircase leading up here.
The water moccasin completely misses you.
The water moccasin closely misses you.
You climb upwards.
There is a stone staircase leading down here.
The water moccasin bites you!
You die...

#......## #..##...........
##.....## ##.####.#####....
##.....####..# #.# #.### ###
#..##....<.## #.## ###
##.#####.####......####..###
....##...## #.#...#..##..#.#
..........###.##..##......##
##....###..#..##.####..#.##
#....## ##......@###..####
.....## ##....S>.#..##
......### #.####..#.##
>.......###.## ##..##
.)...###.....# #..#
.....####....####..#
......###.........##
............#######
............###


You could see a water moccasin.

Vanquished Creatures
  A hippogriff (D:7)
  4 sky beasts
  A black bear (D:6)
  4 ogres
  A centaur (D:5)
  The ghost of Agorwal the Firebug, an amateur HEFE (D:3)
  A bullfrog (D:6)
  2 scorpions (D:5)
  4 howler monkeys
  3 crimson imps
  2 jellies
  A centaur skeleton (D:5)
  2 orc priests
  Terence (D:2)
  Jessica (D:2)
  Natasha (twice) (D:4)
  3 orc wizards
  4 worker ants
  A big kobold zombie (Ossuary)
  A hound zombie (D:5)
  4 mummies
  3 gnolls (D:5)
  5 adders
  A white imp (D:6)
  3 oozes
  6 adder zombies (Ossuary)
  3 worms (D:2)
  4 dart slugs
  24 orcs
  2 ball pythons
  5 giant cockroaches
  9 goblins
  9 hobgoblins
  7 jackals
  12 kobolds
  5 quokkas
  7 bats
  7 frilled lizards
  3 goblin zombies (Ossuary)
  3 hobgoblin zombies (Ossuary)
  3 kobold zombies (Ossuary)
  2 quokka zombies (Ossuary)
  7 rats
174 creatures vanquished.

Vanquished Creatures (others)
  Natasha (D:4)
1 creature vanquished.

Grand Total: 175 creatures vanquished

Notes
Turn   | Place    | Note
-------+----------+-------------------------------------------
     0 | D:1      | Dadi the Deep Elf Fire Elementalist began the quest for the Orb.
     0 | D:1      | Reached XP level 1. HP: 10/10 MP: 6/6
   176 | D:1      | Reached XP level 2. HP: 15/15 MP: 6/8
   691 | D:2      | Reached XP level 3. HP: 19/19 MP: 7/10
   833 | D:2      | Reached skill level 4 in Spellcasting
  1206 | D:2      | Noticed Jessica
  1209 | D:2      | Killed Jessica
  1209 | D:2      | Reached XP level 4. HP: 24/24 MP: 9/12
  1341 | D:2      | Learned a level 2 spell: Throw Flame
  1345 | D:2      | Learned a level 3 spell: Conjure Flame
  1426 | D:2      | Noticed Terence
  1644 | D:2      | Killed Terence
  2034 | D:2      | Reached XP level 5. HP: 28/28 MP: 12/14
  2245 | D:3      | Noticed Agorwal's ghost (amateur HEFE)
  2251 | D:3      | Killed Agorwal's ghost
  2251 | D:3      | Reached skill level 5 in Spellcasting
  2467 | D:3      | Reached skill level 5 in Fire Magic
  2487 | D:3      | Reached XP level 6. HP: 32/32 MP: 8/16
  3019 | D:4      | Reached skill level 6 in Spellcasting
  3085 | D:4      | Killed Natasha
  3102 | D:4      | Found a sand-covered staircase.
  3243 | Ossuary  | Entered an ossuary
  3419 | Ossuary  | Reached XP level 7. HP: 32/36 MP: 8/18
  4427 | D:4      | Learned a level 5 spell: Fireball
  4504 | D:4      | Noticed Natasha
  4505 | D:4      | Killed Natasha
  4511 | D:4      | Reached skill level 5 in Conjurations
  4579 | D:4      | Noticed Natasha
  4585 | D:4      | Killed Natasha
  4987 | D:5      | Entered Level 5 of the Dungeon
  5230 | D:5      | Reached skill level 7 in Spellcasting
  5386 | D:5      | Found a snail-covered altar of Cheibriados.
  5612 | D:5      | Reached XP level 8. HP: 9/41 MP: 13/21
  6169 | D:5      | Found an ancient bone altar of Kikubaaqudgha.
  6296 | D:5      | Found a staircase to the Ecumenical Temple.
  6418 | Temple   | Entered the Ecumenical Temple
  6471 | Temple   | Became a worshipper of Vehumet
  6578 | D:5      | Reached skill level 8 in Spellcasting
  7466 | D:6      | Found an iron altar of Okawaru.
  7777 | D:6      | Found a blossoming altar of Fedhas.
  8226 | D:7      | Reached skill level 9 in Spellcasting
  8361 | D:7      | Found a basalt altar of Yredelemnul.
  8446 | D:7      | Noticed a hippogriff
  8455 | D:7      | Killed a hippogriff
  8455 | D:7      | Reached XP level 9. HP: 45/45 MP: 9/24
  9184 | D:8      | Noticed Psyche
  9269 | D:7      | Slain by a water moccasin

Skill      XL: |  1  2  3  4  5  6  7  8 |
---------------+-------------------------+-----
Spellcasting   | 4 5 6 7 9 |  9.7
Conjurations   | 2 3 4 5 7 |  7.8
Fire Magic     | 4 5 6 8 |  8.5
Dodging        | |  2.4
Stealth        | |  2.4

Action                   |  1- 3 |  4- 6 |  7- 9 || total
-------------------------+-------+-------+-------++-------
Melee: Rapier            |       |       |    45 ||    45
 Cast: Flame Tongue      |    58 |   139 |   187 ||   384
       Conjure Flame     |       |     4 |    10 ||    14
       Throw Flame       |       |     3 |    17 ||    20
       Fireball          |       |       |     1 ||     1
  Use: Scroll            |       |     7 |     1 ||     8
       Potion            |       |     1 |     2 ||     3
  Eat: Chunk             |     1 |     6 |    14 ||    21
       Fruit             |       |       |     1 ||     1
       Pizza             |       |       |     1 ||     1
       Beef jerky        |       |       |     1 ||     1
Armor: Robe              |     3 |     3 |    12 ||    18
Dodge: Dodged            |     7 |    23 |    53 ||    83
